 Dungeon Crawl Stone Soup version 0.29.1-12-g30fa7ad0bf (webtiles) character file.

Game seed: 11108303125166314423

168 GeoRichter the Trooper (level 5, -1/34 HPs)
             Began as a Tengu Berserker on Dec 26, 2022.
             Was a Believer of Trog.
             Killed from afar by a gnoll (15 damage)
             ... with a bolt of acid
             ... on level 3 of the Dungeon.
             The game lasted 00:03:25 (3066 turns).

GeoRichter the Trooper (Tengu Berserker)            Turns: 3066, Time: 00:03:25

Health: -1/34      AC:  9    Str: 18    XL:     5   Next: 49%
Magic:  6/6        EV: 10    Int:  7    God:    Trog [**....]
Gold:   97         SH:  0    Dex: 15    Spells: 4/4 levels left

rFire   . . .      SeeInvis .   a - +0 spear
rCold   . . .      Faith    .   (no shield)
rNeg    . . .      Spirit   .   l - +0 chain mail
rPois   .          Reflect  .   t - +1 hat
rElec   .          Harm     .   (no cloak)
rCorr   .          Rampage  .   (no gloves)
Will    .....                   (boots unavailable)
Stlth   ..........              (no amulet)
HPRegen 0.11/turn               (no ring)
MPRegen 0.10/turn               (no ring)

@: flying quickly and evasively, quick
A: beak, talons 3, nimble flight
a: Renounce Religion, Berserk, Trog's Hand


You were on level 3 of the Dungeon.
You worshipped Trog.
Trog was pleased with you.
You visited 1 branch of the dungeon, and saw 3 of its levels.

You collected 97 gold pieces.

Inventory:

Hand Weapons
 a - a +0 spear (weapon)
Armour
 l - a +0 chain mail (worn)
   (You found it on level 1 of the Dungeon)
 r - a +0 scale mail
   (You found it on level 3 of the Dungeon)
 t - a +1 hat (worn)
   (You found it on level 3 of the Dungeon)
Scrolls
 b - 2 scrolls of enchant armour {unknown}
 c - 4 scrolls of poison {!r}
 e - a scroll of butterflies {unknown}
 h - a scroll of blinking {unknown}
 i - a scroll of summoning {unknown}
 j - a scroll of immolation {!r}
 k - a scroll of teleportation {unknown}
 m - a scroll of enchant weapon {unknown}
 s - a scroll of identify {unknown}
 u - a scroll of fear {unknown}
Potions
 d - 2 potions of brilliance {unknown}
 f - a potion of flight {unknown}
 g - 4 potions of degeneration {unknown}
 n - a potion of might {unknown}
 o - a potion of curing {unknown}
 p - a potion of haste {unknown}
 q - a potion of mutation {unknown}


   Skills:
 * Level 4.4 Fighting
 - Level 3.4(3.7) Polearms
 + Level 1.9(2.9) Staves
 - Level 2.1 Armour
 * Level 4.1 Dodging


You had 4 spell levels left.
You didn't know any spells.
Your spell library was empty.

Dungeon Overview and Level Annotations

Branches:
Dungeon (3/15) Zot: 14979

Altars:
Okawaru


Innate Abilities, Weirdness & Mutations

You have a beak for a mouth.
You have claws for feet.
Your magical nature lets you fly swiftly and evasively.


Message History

You feel sick.
You feel sick.
You are no longer poisoned.
Found a scroll labelled BUECAS BO VOU.
u - a scroll labelled BUECAS BO VOU You see here a +0 club.
Found an escape hatch in the floor.
Key pressed, stopping explore.
No target in view!
Found a stone staircase leading down.
You aren't carrying any pieces of jewellery.
Unknown command.
A bat comes into view.
A bat is nearby!
A bat is nearby!
A bat is nearby!
No target in view!
No target in view!
The bat completely misses you.
A bat is nearby!
You hit the bat.
You kill the bat!
Trog accepts your kill.
No target in view!
No target in view!
Found a scroll labelled ZUSIX ESIWNU. 2 goblins come into view.
The goblin shouts! x2
There are monsters nearby!
There are monsters nearby!
The gnoll shouts!
You hear a shout!
A giant cockroach comes into view.
Found an iron altar of Okawaru.
You reach to attack!
You hit the gnoll but do no damage. The gnoll hits you but does no damage.
You reach to attack!
You hit the gnoll but do no damage. The gnoll misses you.
You reach to attack!
You barely miss the gnoll.
The gnoll hits you from afar with a +0 halberd.
The gnoll zaps a wand.
The bolt of acid misses you.
You reach to attack!
You hit the gnoll.
The gnoll hits you from afar with a +0 halberd!
You reach to attack!
You hit the gnoll.
The gnoll hits you from afar with a +0 halberd!
* * * LOW HITPOINT WARNING * * *
The giant cockroach attacks as you move away!
The giant cockroach bites you but does no damage.
The gnoll zaps a wand.
The bolt of acid hits you!
You die...

..... #g≈.≈g# #~~~
...#.###≈≈.≈≈# #~#~
...g.#..?..## #~#~
#.g.......### ####
#.g........... #
###......###..#### #
##.....###.....## #
#####......###....######
.......B@..............#~
######..>...#####.#..###~
#.#.#### ##<....#~~
#..#..# #...###~~~
#.###.# ##..## #.~# #.
#.#####...# #.~# #.
#.....)..## #.##
##..###### #..# #..# ##..


You could see 3 gnolls and a giant cockroach.

Vanquished Creatures
  Jessica (D:2)
  2 iguanas
  Robin (D:2)
  A gnoll (D:3)
  2 adders
  5 endoplasms
  4 giant cockroaches
  9 hobgoblins
  5 kobolds
  3 quokkas
  7 bats
  9 goblins
  A rat (D:2)
50 creatures vanquished.

Vanquished Creatures (others)
  A plant (D:1)
1 creature vanquished.

Grand Total: 51 creatures vanquished

Notes
Turn   | Place    | Note
-------+----------+-------------------------------------------
     0 | D:1      | GeoRichter the Tengu Berserker began the quest for the Orb.
     0 | D:1      | Reached XP level 1. HP: 14/14 MP: 2/2
   186 | D:1      | Reached XP level 2. HP: 19/19 MP: 3/3
   333 | D:1      | Found a faded altar of an unknown god.
   661 | D:1      | Reached XP level 3. HP: 23/23 MP: 4/4
   778 | D:2      | Noticed Robin
  1052 | D:1      | Reached ** piety under Trog
  1217 | D:2      | Killed Robin
  1218 | D:2      | Reached skill level 1 in Staves
  1489 | D:2      | Reached XP level 4. HP: 29/29 MP: 5/5
  1678 | D:2      | Noticed Jessica
  1685 | D:2      | Killed Jessica
  2108 | D:2      | Gained mutation: Your magical nature lets you fly swiftly
                  | and evasively. [Tengu growth]
  2108 | D:2      | Reached XP level 5. HP: 22/33 MP: 6/6
  3057 | D:3      | Found an iron altar of Okawaru.
  3066 | D:3      | Killed from afar by a gnoll

Illustrated notes

Levels and vault maps discovered:
D:1:      dpeg_arrival_arbitrary_b, layout_basic,
          shapermc_ecumenical_altar_mp_urbaneastern, minmay_worlds_worst_comb
D:2:      layout_loops_ring, uniq_jessica, uniq_robin
D:3:      layout_rooms, kennysheep_okawaru_gauntlet, serial_rivers,
          chequers_serial_rivers_micro_c, chequers_serial_rivers_micro_d,
          chequers_serial_rivers_large_b, chequers_serial_rivers_micro_b,
          kennysheep_pointless_box

Skill      XL: |  1  2  3  4  5 |
---------------+----------------+-----
Dodging        | 3 4 |  4.1
Staves         | 1 |  1.9
Fighting       | 4 |  4.4
Polearms       | |  3.4
Armour         | |  2.1

Action                   |  1- 3 |  4- 6 || total
-------------------------+-------+-------++-------
Melee: Spear             |    94 |    65 ||   159
       Kick              |    13 |    17 ||    30
       Peck              |     7 |     9 ||    16
  Use: Scroll            |       |     2 ||     2
 Stab: Sleeping          |     3 |       ||     3
Armor: Animal skin       |    16 |       ||    16
       Chain mail        |     8 |    16 ||    24
Dodge: Dodged            |    49 |    16 ||    65
